AoeStats
← 西溪梨

Fortress

512861564Analyzed
1v1 RM · 6d ago on Oct 11, 2026· 37m 0s· 2 players
Game mode
Random Map
Map size
Small (3 player)
Population
200
Speed
Normal
Resources
Standard
Victory
Conquest
Starting age
Dark Age
Ending age
Imperial Age
RankedLock teamsTeams togetherTeam positionsShared explorationLock speedFull tech treeHidden civsTurbo modeCheats
Victory
Defeat
🇨🇳 Teutons · China
1846
+14
vs
🇩🇪 Inca · Germany
1795
-14
Tobinger
3:57 Loom
7:29 Feudal Age
11:18 Castle Age
9:38 Double-Bit Axe
9:44 Horse Collar
19:38 Wheelbarrow
20:02 Bow Saw
20:32 Fletching
21:04 Gold Mining
21:34 Hand Cart
21:45 Bodkin Arrow
26:12 Imperial Age
23:30 Town Watch
24:40 Heavy Plow
25:16 Gold Shaft Mining
24:32 Stone Mining
25:06 Scale Mail Armor
26:13 Chain Mail Armor
26:13 Masonry
26:26 Ballistics
26:25 Padded Archer Armor
27:04 Bracer
27:06 Padded Archer Armor
27:21 Thumb Ring
29:16 Chemistry
28:43 Leather Archer Armor
31:15 Ring Archer Armor
31:06 Fabric Shields
32:18 Plate Mail Armor
31:59 Forging
31:51 Squires
32:38 Andean Sling
32:13 Pikeman
33:16 Halberdier
34:32 Iron Casting
36:17 Blast Furnace
西溪梨
7:25 Feudal Age
8:41 Double-Bit Axe
11:19 Castle Age
9:40 Horse Collar
12:27 Bow Saw
18:08 Wheelbarrow
17:20 Loom
19:06 Gold Mining
19:15 Town Watch
24:08 Imperial Age
22:25 Stone Mining
24:53 Forging
24:49 Scale Barding Armor
25:51 Chemistry
25:23 Conscription
26:30 Stone Shaft Mining
26:25 Bloodlines
27:33 Chain Barding Armor
27:49 Iron Casting
26:39 Cavalier
29:39 Crenellations
29:15 Fletching
29:15 Paladin
30:03 Bodkin Arrow
31:14 Ballistics
31:48 Hand Cart
32:29 Plate Barding Armor
34:07 Blast Furnace
35:16 Padded Archer Armor
37:47 Leather Archer Armor
Connection lost

Rejoining the realm…

Still unreachable

The connection could not be restored.

Session expired

The server has moved on; the page needs a fresh start.